 Dungeon Sprint DCSS version 0.19.1 (webtiles) character file.

987 equalderp2856 the Ripper (level 7, -12/37 HPs)
             Began as a Felid Fighter on Dec 3, 2016.
             Was an Elder of Lugonu.
             Hit by a large rock thrown by a cyclops (23 damage)
             ... in the Dungeon (Sprint IX: "|||||||||||||||||||||||||||||").
             The game lasted 00:02:28 (699 turns).

equalderp2856 the Ripper (Felid Fighter)             Turns: 699, Time: 00:02:30

Health: -12/37     AC:  2    Str: 19    XL:     7   Next: 97%
Magic:  8/8        EV: 27    Int: 10    God:    Lugonu [****..]
Gold:   0          SH:  0    Dex: 16    Spells: 0 memorised, 6 levels left
                                        Lives:  0   Deaths: 2

rFire  . . .     SeeInvis +       - Unarmed
rCold  . . .     Gourm    .     (armour unavailable)
rNeg   . . .     Faith    .     (shield unavailable)
rPois  .         Spirit   .     (helmet unavailable)
rElec  .         Reflect  .     (cloak unavailable)
rCorr  .         Harm     .     (gloves unavailable)
MR     +....     NoTele   +     (boots unavailable)
Stlth  +++.......               (no amulet)
                                n - +3 ring of strength
                                m - +3 ring of strength

@: quick
A: no armour, no weapons or thrown items, stealth, claws 1, fangs 3, see
invisible, carnivore 3, speed 1, shaggy fur 2, slow metabolism 1, sharp paws
a: Bend Space, Banish, Corrupt, Renounce Religion


You were in the Dungeon.
You worshipped Lugonu.
Lugonu was greatly pleased with you.
You were not hungry.

You visited 1 branch

Inventory:

Hand Weapons
 o - a +0 shortbow
Missiles
 p - 26 arrows
Jewellery
 m - a +3 ring of strength (left paw)
 n - a +3 ring of strength (right paw)
Wands
 l - a wand of acid (7/15)
Scrolls
 h - 2 scrolls of blinking
 j - 3 scrolls of remove curse
 k - 2 scrolls of amnesia
Potions
 a - a potion of might
 c - 5 potions of curing
 d - 3 potions of heal wounds
 e - a potion of haste
 f - 4 potions of magic
 g - a potion of berserk rage
 i - a potion of invisibility
Comestibles
 b - 13 meat rations


   Skills:
 + Level 8.1 Fighting
 + Level 11.2 Dodging
 + Level 3.4 Stealth
 + Level 15.4 Unarmed Combat


You had 6 spell levels left.
You didn't know any spells.

Dungeon Overview and Level Annotations

Branches:
Dungeon (1/1)

Altars:
Cheibriados
Dithmenos
Elyvilon
Fedhas
Gozag
Hepliaklqana
Kikubaaqudgha
Makhleb
Nemelex Xobeh
Okawaru
Qazlal
Ru
Sif Muna
Trog
Uskayaw
Vehumet
Xom
Yredelemnul
Zin
The Shining One
Beogh
Jiyva
Lugonu


Innate Abilities, Weirdness & Mutations

You cannot wear armour.
You are incapable of wielding weapons or throwing items.
Your paws allow you to move quietly. (Stealth)
You have sharp claws.
You have razor-sharp teeth.
You have supernaturally acute eyesight. (SInv)
You are carnivorous and can eat meat at any time.
You cover ground quickly.
You are covered in thick fur. (AC +2)
You have a slow metabolism.
Your sharp claws are effective at attacking unaware monsters.


Message History

The centaur warrior completely misses you.
You closely miss the centaur warrior. You claw the centaur warrior!
The centaur warrior is severely wounded.
The centaur warrior barely misses you. The centaur warrior hits you!
You barely miss the centaur warrior. You claw the centaur warrior!
The centaur warrior is almost dead.
The centaur warrior completely misses you.
You scratch the centaur warrior.
You kill the centaur warrior!
Lugonu accepts your kill.
You can now corrupt the fabric of space.
Your Fighting skill increases to level 8!
Your Dodging skill increases to level 11!
Your Stealth skill increases to level 3!
Your Unarmed Combat skill increases to level 15!
Welcome back to level 7!
Unknown command.
The cyclops throws a large rock.
The large rock hits you!!
Ouch! That really hurt!
You die...

▓†▓.▓[▓.▓
▓'▓.▓!▓.▓
▓†▓.▓$▓.▓
▓.▓.▓$▓.▓
▓C▓.▓'▓.▓
▓.▓.▓w▓.▓
▓.▓.▓.▓.▓
▓.▓.▓[▓.▓
▓@▓.▓F▓.▓
▓.▓.▓[▓.▓
▓.▓.▓F▓.▓
▓.▓.▓w▓.▓
▓.▓.▓†▓.▓
▓.▓.▓'▓.▓
▓.▓.▓.▓.▓
▓'▓.▓.▓.▓
▓.▓.▓.▓.▓


You could see a cyclops.

Vanquished Creatures
  A centaur warrior (D)
  A spiny frog (D)
  A wyvern (D)
  A vampire mosquito (D)
  An orc warrior (D)
  A necrophage (D)
  A centaur (D)
  A bullfrog (D)
  2 hounds (D)
  An orc wizard (D)
  A worker ant (D)
  A gnoll (D)
  An adder (D)
  A bat skeleton (D)
  3 kobolds (D)
  A bat (D)
  A giant cockroach zombie (D)
  A rat (D)
21 creatures vanquished.

Notes
Turn   | Place    | Note
-------+----------+-------------------------------------------
     0 | D        | equalderp2856 the Felid Fighter began the quest for the Orb.
     0 | D        | Reached XP level 1. HP: 10/10 MP: 2/2
    36 | D        | Noticed a hound
    36 | D        | Noticed a worker ant
    36 | D        | Noticed a hound
    48 | D        | Killed a hound
    48 | D        | Reached skill level 5 in Dodging
    48 | D        | Reached skill level 6 in Unarmed Combat
    48 | D        | Reached XP level 2. HP: 9/15 MP: 3/3
    48 | D        | Reached XP level 3. HP: 11/18 MP: 4/4
    54 | D        | Reached skill level 7 in Unarmed Combat
    56 | D        | Reached XP level 4. HP: 14/22 MP: 5/5
    59 | D        | Reached skill level 8 in Unarmed Combat
   169 | D        | Found a roughly hewn altar of Beogh.
   169 | D        | Found a snail-covered altar of Cheibriados.
   169 | D        | Found a shadowy altar of Dithmenos.
   169 | D        | Found a white marble altar of Elyvilon.
   169 | D        | Found a blossoming altar of Fedhas.
   169 | D        | Found an opulent altar of Gozag.
   170 | D        | Found a hazy altar of Hepliaklqana.
   171 | D        | Found a viscous altar of Jiyva.
   172 | D        | Found an ancient bone altar of Kikubaaqudgha.
   173 | D        | Found a corrupted altar of Lugonu.
   174 | D        | Found a burning altar of Makhleb.
   175 | D        | Found a sparkling altar of Nemelex Xobeh.
   176 | D        | Found an iron altar of Okawaru.
   177 | D        | Found a stormy altar of Qazlal.
   178 | D        | Found a sacrificial altar of Ru.
   179 | D        | Found a deep blue altar of Sif Muna.
   180 | D        | Found a bloodstained altar of Trog.
   181 | D        | Found a hide-covered altar of Uskayaw.
   182 | D        | Found a radiant altar of Vehumet.
   183 | D        | Found a shimmering altar of Xom.
   184 | D        | Found a basalt altar of Yredelemnul.
   185 | D        | Found a glowing silver altar of Zin.
   186 | D        | Found a glowing golden altar of the Shining One.
   213 | D        | Became a worshipper of Lugonu the Unformed
   213 | D        | Reached * piety under Lugonu
   246 | D        | Noticed a bullfrog
   246 | D        | Noticed a centaur
   246 | D        | Noticed an orc warrior
   250 | D        | Killed a bullfrog
   250 | D        | Reached skill level 5 in Fighting
   250 | D        | Reached skill level 9 in Unarmed Combat
   250 | D        | Reached XP level 5. HP: 26/26 MP: 6/6
   252 | D        | Killed a centaur
   252 | D        | Reached ** piety under Lugonu
   252 | D        | Reached skill level 10 in Unarmed Combat
   335 | D        | Killed an orc warrior
   335 | D        | Reached skill level 11 in Unarmed Combat
   335 | D        | Gained mutation: You are covered in thick fur. (AC +2) [Felid growth]
   335 | D        | Reached XP level 6. HP: 12/31 MP: 7/7
   577 | D        | Noticed a wyvern
   577 | D        | Noticed a manticore
   577 | D        | Noticed a troll
   577 | D        | Noticed a cyclops
   577 | D        | Noticed a centaur warrior
   579 | D        | Reached *** piety under Lugonu
   579 | D        | Reached skill level 12 in Unarmed Combat
   593 | D        | Killed a wyvern
   593 | D        | Reached skill level 1 in Stealth
   593 | D        | Reached XP level 7. HP: 24/36 MP: 8/8
   594 | D        | Succumbed to barbed spike wounds
   595 | D        | Reached XP level 6. HP: -1/33 MP: 7/7
   632 | D        | Noticed a vampire mosquito
   632 | D        | Noticed a spiny frog
   633 | D        | Noticed a blink frog
   634 | D        | Noticed a tyrant leech
   635 | D        | Noticed a spiny frog
   636 | D        | Noticed a blink frog
   639 | D        | Killed a spiny frog
   639 | D        | Reached skill level 10 in Dodging
   639 | D        | Reached skill level 13 in Unarmed Combat
   639 | D        | Reached XP level 7. HP: 32/36 MP: 8/8
   640 | D        | Killed a vampire mosquito
   640 | D        | Reached skill level 14 in Unarmed Combat
   641 | D        | Noticed a vampire mosquito
   663 | D        | Slain by a tyrant leech
   664 | D        | Reached XP level 6. HP: -4/33 MP: 7/7
   696 | D        | Killed a centaur warrior
   696 | D        | Reached **** piety under Lugonu
   696 | D        | Reached skill level 15 in Unarmed Combat
   696 | D        | Reached XP level 7. HP: 11/37 MP: 8/8
   699 | D        | Hit by a large rock thrown by a cyclops

Skill      XL: |  1  2  3  4  5  6  7 |
---------------+----------------------+-----
Fighting       | 4 5 6 8 |  8.1
Dodging        | 5 6 8 11 | 11.2
Unarmed Combat | 6 7 9 11 15 14 | 15.4
Stealth        | 3 |  3.4

Action                   |  1- 3 |  4- 6 |  7- 9 || total
-------------------------+-------+-------+-------++-------
Melee: Unarmed           |    28 |    50 |     6 ||    84
       Bite              |     3 |     8 |       ||    11
       Punch             |       |     5 |     1 ||     6
Armor: Skin              |     1 |       |       ||     1
Dodge: Dodged            |    24 |    35 |     2 ||    61
